wizbiz, neutral female human Wizard ------------- |......>....| |...........| #............| ------------ ###--------|---- ...........| # # |%%.(.......+ ### # #%%%%%.......| # ### h--------|-+-- # # #@ # # ## f ---.---# ---|-- # |......## |....-##### # |.....|## |....| # ------# |.....|#######.....| ###|...{|# |.....+# |....| #..^..|# ------- |<...| |.....## |....| ------ ------ wizbiz the Thaumaturge Experience level: 6 Strength: 11 Dexterity: 14 Constitution: 16 Intelligence: 18 Wisdom: 12 Charisma: 8 Health: 0(37) Energy: 15(48) Def: 6 Gold: 401 Moves: 2241 Dungeon seed: vdI-oE7enEDMrpFF Game ID: wizbiz_1526924415 Your Inventory: Coins $ - 401 gold pieces Weapons a - a blessed +1 quarterstaff (weapon in hands) O - a +0 orcish dagger Armor e - an uncursed +2 cloak of magic resistance (being worn) y - a blessed +1 leather armor (being worn) Comestibles p - 2 uncursed food rations v - an uncursed fortune cookie Scrolls k - an uncursed scroll of taming t - an uncursed scroll of earth A - a blessed scroll of amnesia J - a blessed scroll of light L - an uncursed scroll of light Spellbooks l - a blessed spellbook of force bolt m - an uncursed spellbook of charm monster u - an uncursed spellbook of jumping w - an uncursed spellbook of wizard lock C - an uncursed spellbook of light E - an uncursed spellbook of fireball Potions g - an uncursed potion of full healing h - an uncursed potion of oil o - an uncursed potion of blindness z - a cursed potion of restore ability K - a cursed potion of enlightenment Rings c - an uncursed ring of see invisible d - an uncursed +1 ring of gain constitution (on left hand) s - an uncursed ring of polymorph control Wands b - a wand of striking (0:4) H - a cursed wand of speed monster (0:5) I - a wand of nothing (0:6) Tools n - an uncursed blindfold Gems q - an uncursed worthless piece of violet glass r - an uncursed worthless piece of white glass N - an uncursed fluorite stone Y - an uncursed worthless piece of yellow glass Spells and supernatural/magical abilities: Name Level Category Fail Memory a - force bolt 1 attack 0% 89% e - charm monster 3 enchantment 0% 89% f - fireball 4 attack 62% 96% j - jumping 1 escape 0% 92% l - light 1 divination 0% 95% w - wizard lock 2 matter 43% 93% W - pray for help -- divine ? -- Your skills at the end: Fighting Skills Weapon Skills quarterstaff [Basic] Spellcasting Skills attack spells [Basic] enchantment spells [Basic] Final Attributes: You were piously aligned. You were magic-protected. You were unlucky. You are dead. Vanquished creatures: a small mimic a gnome king 7 bugbears a water nymph a gnome lord 2 gnomish wizards a kitten a homunculus a kobold shaman a werejackal an acid blob 2 coyotes 6 hobgoblins 2 yellow molds a gnome 2 garter snakes 15 jackals 4 kobolds 4 sewer rats 6 grid bugs 6 lichens a kobold zombie 3 newts 70 creatures vanquished. Voluntary challenges: You were an atheist. You used a wielded weapon 46 times, starting on turn 25. You read items or engraved 22 times, starting on turn 547. You never genocided any monsters. You never polymorphed an object. You never changed form. You used no wishes. You never split a pudding. You never wrote Elbereth's name. You violated your moral code, losing 17 points of alignment, starting on turn 563. Dungeon overview: The Dungeons of Doom: levels 1 to 6 Level 1 a fountain a long staircase Level 2 (vault) some fountains stairs to The Gnomish Mines Level 3 a general store Level 4 Level 5 <- You were here a fountain, a throne Level 6 The Gnomish Mines: Level 3 stairs to The Dungeons of Doom History has recorded: On T:1 you entered the Dungeons of Doom to retrieve the Amulet of Yendor! On T:211 you reached level 2 of The Dungeons of Doom. On T:566 you reached level 1 of The Gnomish Mines. On T:626 you reached level 3 of The Dungeons of Doom. On T:627 you advanced to experience level 2. On T:946 you reached level 4 of The Dungeons of Doom. On T:1228 you advanced to experience level 3. On T:1512 you reached level 5 of The Dungeons of Doom. On T:1823 you advanced to experience level 4. On T:2049 you reached level 6 of The Dungeons of Doom. On T:2185 you advanced to experience level 5. On T:2219 you advanced to experience level 6. Score breakdown: Gold: 401 ( 8858 points) Experience: 6 levels (12456 points) Exploration: 6 levels ( 13.33%) (10112 points) Discoveries: 7 items ( 2.43%) ( 4677 points) Valuables value: (no points given unless you survive) Artifact value: 0 ( 0 points) Variety of kills: 23 monsters ( 6.04%) ( 7370 points) Turncount: 2241 turns ( -169 points) Survival: died (score multiplied by 80%) Total score: 34643 Latest messages: The kitten picks up a potion. You miss the bugbear. You hit the bugbear! The bugbear reads a scroll labeled DAIYEN FOOELS! You miss the bugbear. You hit the bugbear. The bugbear hits! You hit the bugbear. The bugbear misses. You miss the bugbear. The bugbear hits! You kill the bugbear! The bugbear picks up a crossbow. You hit the bugbear. The bugbear hits! You miss the bugbear. (2x) The bugbear hits! You miss the bugbear. The bugbear misses. You miss the bugbear. The bugbear hits! You miss the bugbear. (2x) The bugbear hits! You hit the bugbear. The bugbear hits! You die... Final status: Goodbye wizbiz the Wizard, killed by a bugbear... You died in The Dungeons of Doom on dungeon level 5 with 34643 points, and 401 pieces of gold, after 2241 moves. You were level 6 with a maximum of 37 hit points when you died.